 Dungeon Crawl Stone Soup version 0.29-a0-234-g0dae59b3db (webtiles) character file.

Game seed: 13685911820822621467

6 sammy202020 the Skirmisher (level 1, 0/14 HPs)
             Began as a Gargoyle Chaos Knight on Mar 3, 2022.
             Was a Plaything of Xom.
             Frozen to death by an endoplasm (3 damage)
             ... on level 1 of the Dungeon.
             The game lasted 00:00:17 (94 turns).

sammy202020 the Skirmisher (Gargoyle Chaos Knight)    Turns: 94, Time: 00:00:18

Health: 0/14       AC:  7    Str: 15    XL:     1   Next: 90%
Magic:  1/1        EV: 11    Int: 12    God:    Xom [......]
Gold:   10         SH:  0    Dex:  9    Spells: 0/0 levels left

rFire   . . .      SeeInvis .   a - +0 mace (chaos)
rCold   . . .      Faith    .   (no shield)
rNeg    + . .      Spirit   .   b - +2 leather armour
rPois   ∞          Reflect  .   (no helmet)
rElec   +          Harm     .   (no cloak)
rCorr   .          Rampage  .   (no gloves)
Will    .....                   (no boots)
Stlth   +.........              (no amulet)
HPRegen 0.04/turn               (no ring)
MPRegen 0.07/turn               (no ring)

@: no status effects
A: sickness immunity, AC +2, negative energy resistance 1, electricity
resistance, torment resistance 1, petrification resistance
a: Renounce Religion


You were on level 1 of the Dungeon.
You worshipped Xom.
You were a very special plaything of Xom.
You visited 1 branch of the dungeon, and saw 1 of its levels.

You collected 10 gold pieces.

Inventory:

Hand Weapons
 a - a +0 mace of chaos (weapon)
Armour
 b - a +2 leather armour (worn)


   Skills:
 + Level 3.4 Fighting
 + Level 3.1 Maces & Flails
 + Level 2.3 Armour
 + Level 1.0 Dodging


You couldn't memorise any spells.
You didn't know any spells.
Your spell library was empty.

Dungeon Overview and Level Annotations

Branches:
Dungeon (1/15)

Altars:


Innate Abilities, Weirdness & Mutations

You are immune to sickness and miasma.
Your stone body is resilient. (AC +2)
You are immune to poison.
You resist negative energy. (rN+)
You are resistant to electric shocks. (rElec)
You are resistant to unholy torment.
You are immune to petrification.


Message History

The endoplasm is heavily wounded.
The endoplasm barely misses you. x2; The goblin closely misses you.
You barely miss the endoplasm.
The endoplasm is heavily wounded.
The frilled lizard bites you but does no damage.
The endoplasm barely misses you. The goblin hits you with a +0 dagger.
You sock the endoplasm!
You kill the endoplasm!
The frilled lizard bites you. The goblin closely misses you.
You hit the frilled lizard.
You kill the frilled lizard!
The endoplasm freezes you.
You are frozen.
The goblin barely misses you.
The endoplasm hits you but does no damage.
The goblin closely misses you.
You barely miss the endoplasm. The goblin closely misses you.
The endoplasm hits you.
You hit the endoplasm but do no damage.
The endoplasm resists with some effort.
The endoplasm freezes you.
You are frozen.
The goblin hits you with a +0 dagger.
* * * LOW HITPOINT WARNING * * *
You are too injured to fight recklessly!
You are too injured to fight recklessly!
You are too injured to fight recklessly!
You are too injured to fight recklessly!
You are too injured to fight recklessly!
You are too injured to fight recklessly!
You are too injured to fight recklessly!
You are too injured to fight recklessly!
The endoplasm jiggles.
Okay, then.
Found a scroll labelled FAEKHL PEYF.
You thump the goblin!
You kill the goblin!
The endoplasm barely misses you.
Your Dodging skill increases to level 1!
The endoplasm freezes you.
You are frozen.
You die...
Xom yawns loudly!

#####.......## #######
#.....###.#..# .......
#.#######.##..
....^..#####.#....##.####
..........†....# #.# #
?...........#### #..###
.......#..#.# ##....
.......#J##.###..# #....
...$....@......... #....
###.###.#..†....=. #...#
#..#......... ......
#..##...........#.#..
...# #..........#.....
...# ........=. ..#...
.... .......... ..... #..
........... ###.. .#


You could see an endoplasm.

Vanquished Creatures
  2 bats (D:1)
  An endoplasm (D:1)
  A goblin (D:1)
  A frilled lizard (D:1)
  A rat (D:1)
6 creatures vanquished.

Notes
Turn   | Place    | Note
-------+----------+-------------------------------------------
     0 | D:1      | sammy202020 the Gargoyle Chaos Knight began the quest for
                  | the Orb.
     0 | D:1      | Reached XP level 1. HP: 14/14 MP: 1/1
    94 | D:1      | Reached skill level 1 in Dodging
    94 | D:1      | Frozen to death by an endoplasm

Illustrated notes

Levels and vault maps discovered:
D:1:      dpeg_arrival_shrine, layout_rooms

Skill      XL: |  1 |
---------------+----+-----
Dodging        | 1 |  1.0
Fighting       | |  3.4
Maces & Flails | |  3.1
Armour         | |  2.3

Action                   || total
-------------------------++-------
Melee: Mace              ||    16
Armor: Leather armour    ||     9
Dodge: Dodged            ||    15

Table legend: (Time is in decaauts)
 A = Elapsed time spent in this place.
 B = Non-inter-level travel time spent in this place.
 C = Inter-level travel time spent in this place.
 D = Time resting spent in this place.
 E = Time spent auto-exploring this place.
 F = Levels seen in this place.
 G = Mean time per level.
                   A        B        C        D        E       F      G
               +--------+--------+--------+--------+--------+-----+--------+
         Total |     98 |     98 |      0 |      0 |     62 |   1 |   98.0 |
       Dungeon |     98 |     98 |      0 |      0 |     62 |   1 |   98.0 |
               +--------+--------+--------+--------+--------+-----+--------+

Top non-repeatable levels by time:
     D:1: 98 daAuts
